 Dungeon Sprint DCSS version 0.28-a0-1236-gb25a51b929 (webtiles) character file.

Game seed: 7170132780568916210

29965 rocky1 the Phalangite (level 13, -2/125 HPs)
             Began as a Merfolk Gladiator on Dec 26, 2021.
             Was a High Priest of Okawaru.
             Slain by an orc knight (28 damage)
             ... in the Dungeon (Sprint VII: "The Pits").
             The game lasted 00:33:23 (7482 turns).

rocky1 the Phalangite (Merfolk Gladiator)           Turns: 7482, Time: 00:33:23

Health: -2/125     AC: 16    Str: 20    XL:     13   Next: 48%
Magic:  10/20      EV: 25    Int: 14    God:    Okawaru [*****.]
Gold:   54         SH:  0    Dex: 17    Spells: 12/12 levels left

rFire   . . .      SeeInvis .   v - +0 glaive (venom)
rCold   . . .      Faith    .   (shield currently unavailable)
rNeg    . . .      Spirit   .   s - +2 scale mail of Reyj Noi {Str+2 Int+4}
rPois   .          Reflect  .   c - +0 helmet
rElec   .          Harm     .   r - +0 cloak
rCorr   .          Rampage  .   x - +0 pair of gloves {infuse}
Will    .....      NoTele   +   (no boots)
Stlth   ..........              (no amulet)
HPRegen 0.30/turn               f - +3 ring of intelligence
MPRegen 0.17/turn               m - +3 ring of evasion

@: no status effects
A: (nimble swimmer 2), mertail
a: Renounce Religion, Heroism, Finesse


You were in the Dungeon.
You worshipped Okawaru.
Okawaru was extremely pleased with you.
You visited 1 branch You collected 54 gold pieces.

Inventory:

Hand Weapons
 a - a +1 vampiric spear
 o - the +7 lajatang of Order {silver, rMut}
   (You found it in the Dungeon)

   It inflicts extra damage upon those it strikes, and deals substantially
   increased damage to chaotic, mutated and magically transformed beings.
   rMut:      It protects you from mutation.
 t - the +7 flail "Luqodull" {venom, Fragile rElec rPois rF++ rC+}
   (You found it in the Dungeon)

   It poisons the flesh of those it strikes.
   rF:        It greatly protects you from fire.
   rC:        It protects you from cold.
   rElec:     It insulates you from electricity.
   rPois:     It protects you from poison.
   Fragile:   It will be destroyed if unequipped.
 v - a +0 glaive of venom (weapon)
 w - a +2 scimitar of flaming
 N - a +10 fustibalus
Missiles
 b - 7 boomerangs
 d - 3 throwing nets (quivered)
 i - 2 curare-tipped darts
 O - a silver javelin
Armour
 c - a +0 helmet (worn)
 r - a +0 cloak (worn)
 s - the +2 scale mail of Reyj Noi (worn) {Str+2 Int+4}
   (You found it in the Dungeon)

   Str:       It affects your strength (+2).
   Int:       It affects your intelligence (+4).
 x - a +0 pair of gloves of infusion (worn)
Jewellery
 f - a +3 ring of intelligence (left hand)
 j - a ring of wizardry
 m - a +3 ring of evasion (right hand)
 C - a +6 ring of dexterity
 I - a ring of poison resistance
 J - a ring of positive energy
 K - a ring of positive energy
 P - the ring "Jekheu" {rC+ Will+ Dex+3}
   (You took it off a merfolk in the Dungeon)

   [ring of protection from cold]

   Dex:       It affects your dexterity (+3).
   rC:        It protects you from cold.
   Will:      It increases your willpower.
Scrolls
 l - 5 scrolls of amnesia
 n - 4 scrolls of enchant armour
 y - a scroll of fear
 A - 4 scrolls of enchant weapon
 E - a scroll of fog
 F - a scroll of identify
 G - a scroll of magic mapping
 H - a scroll of silence
Potions
 e - 7 potions of curing
 g - a potion of haste
 h - 3 potions of magic
 k - a potion of invisibility
 p - 7 potions of heal wounds
 q - 2 potions of mutation
 z - a potion of resistance
 B - a potion of might
 D - a potion of brilliance
Miscellaneous
 M - a phantom mirror
 Q - a phial of floods


   Skills:
 + Level 19.0 Fighting
 - Level 23.2 Polearms
 - Level 2.0 Throwing
 + Level 13.6 Armour
 + Level 22.3 Dodging
 + Level 9.6 Invocations
 + Level 4.9 Evocations


You had 12 spell levels left.
You didn't know any spells.
Your spell library was empty.

Dungeon Overview and Level Annotations

Branches:
Dungeon (1/1)

Altars:
Ashenzari
Cheibriados
Dithmenos
Elyvilon
Fedhas
Gozag
Hepliaklqana
Kikubaaqudgha
Makhleb
Nemelex Xobeh
Okawaru
Qazlal
Ru
Sif Muna
Trog
Uskayaw
Vehumet
Wu Jian
Xom
Yredelemnul
Zin
The Shining One
Beogh
Jiyva
Lugonu


Innate Abilities, Weirdness & Mutations

((You are very nimble when in or above water. (Stealth+, EV+, Speed+++)))
Your lower body shifts to a powerful aquatic tail in water.


Message History

The rakshasa blinks!
The rakshasa weaves an illusion.
The orc knight shimmers and seems to become two!
You miss the rakshasa.
The rakshasa is severely wounded.
The orc knight roars a battlecry!
The orc knight goes into a battle-frenzy!
The orc knight roars a battlecry!
The orc knight goes into a battle-frenzy!
You hit the rakshasa.
The rakshasa is almost dead.
The rakshasa completely misses you. The rakshasa closely misses you.
Unknown command.
You chop the rakshasa into pieces!!!
You kill the rakshasa!
The rakshasa shimmers and vanishes!
The rakshasa gestures at you.
The lance of force hits you but does no damage.
The rakshasa barely misses you.
Unknown command.
You closely miss the rakshasa.
The rakshasa is severely wounded.
You slash the rakshasa!
You kill the rakshasa!
Okawaru is honoured by your kill.
The rakshasa shimmers and vanishes!
The orc knight shimmers and vanishes!
Your Fighting skill increases to level 19!
Unknown command.
You barely miss the orc knight.
The orc knight hits you with a +1 great sword!
You slash the orc knight!
The orc knight is poisoned.
The orc knight is lightly wounded.
The orc knight hits you with a +1 great sword!
* * * LOW HITPOINT WARNING * * *
You closely miss the orc knight.
The orc knight is lightly wounded.
You slash the orc knight!
The orc knight is moderately wounded.
The orc knight hits you with a +1 great sword!!
You die...

#####++##### #..........#
#..........# +..#....#..#
+..........# #....).....#
###########..#..@o#..#
.........++..........#
.........++..........#
####+##.)##..#....#..#
#.#.#.#))##..........+
)#.#.##[.##..).......+
#[#.#.#).####++####''#
.#.#.##..####++####''############
#.#.#.#..##......##..............


You could see an orc knight (strong, very poisoned).

Vanquished Creatures
  An emperor scorpion (D)
  An orc warlord (D)
  A minotaur (D)
  A dire elephant (D)
  A merfolk javelineer (D)
  A hydra (D)
  A vault guard (D)
  An ogre mage (D)
  A naga warrior (D)
  2 rakshasas (D)
  An alligator snapping turtle (D)
  5 two-headed ogres (D)
  Erica (D)
  An alligator (D)
  A death yak (D)
  A deep elf knight (D)
  A phantasmal warrior (D)
  A bog body (D)
  A deep elf zephyrmancer (D)
  5 orc knights (D)
  An ugly thing (D)
  An orc sorcerer (D)
  An elephant (D)
  An eye of devastation (D)
  A molten gargoyle (D)
  A smoke demon (D)
  3 gargoyles (D)
  2 unseen horrors (D)
  2 demonic crawlers (D)
  An efreet (D)
  An ice devil (D)
  3 komodo dragons (D)
  A hellwing (D)
  A guardian mummy (D)
  A jumping spider (D)
  3 merfolk (D)
  3 tyrant leeches (D)
  A wind drake (D)
  3 blink frogs (D)
  2 hornets (D)
  4 redbacks (D)
  A water elemental (D)
  6 yaks (D)
  A spriggan (D)
  A tarantella (D)
  A wraith (D)
  A basilisk (D)
  A steam dragon (D)
  A fire elemental (D)
  2 chaos spawn (D)
  9 hell hounds (D)
  A floating eye (D)
  2 swamp drakes (D)
  An orc warrior (D)
  A black bear (D)
  An ogre (D)
  8 wolves (D)
  A phantom (D)
  2 centaurs (D)
  A small abomination (D)
  4 wights (D)
  A crimson imp (D)
  A quasit (D)
  2 gnoll shamans (D)
  3 jellies (D)
  2 hell rats (D)
  A mummy (D)
  6 gnolls (D)
  2 river rats (D)
  3 ufetubi (D)
  An adder zombie (D)
  2 worms (D)
  4 orcs (D)
  A bat skeleton (D)
  A giant cockroach (D)
  A hobgoblin (D)
  9 jackals (D)
  2 quokkas (D)
  A bat (D)
  A bat simulacrum (D)
  2 frilled lizards (D)
  A rat (D)
159 creatures vanquished.

Vanquished Creatures (others)
  A blink frog (D)
  A water elemental (D)
  A floating eye (D)
  A wolf (D)
4 creatures vanquished.

Grand Total: 163 creatures vanquished

Notes
Turn   | Place    | Note
-------+----------+-------------------------------------------
     0 | D        | rocky1 the Merfolk Gladiator began the quest for the Orb.
     0 | D        | Reached XP level 1. HP: 16/16 MP: 1/1
    53 | D        | Found a bloodstained altar of Trog.
    53 | D        | Found a shimmering blue altar of Sif Muna.
    53 | D        | Found a viscous altar of Jiyva.
    53 | D        | Found a hazy altar of Hepliaklqana.
    53 | D        | Found an opulent altar of Gozag.
    54 | D        | Found a glowing golden altar of the Shining One.
    54 | D        | Found a glowing silver altar of Zin.
    54 | D        | Found a basalt altar of Yredelemnul.
    54 | D        | Found a shimmering altar of Xom.
    54 | D        | Found an ornate altar of the Wu Jian Council.
    54 | D        | Found a sacrificial altar of Ru.
    54 | D        | Found a stormy altar of Qazlal.
    54 | D        | Found an iron altar of Okawaru.
    54 | D        | Found a sparkling altar of Nemelex Xobeh.
    54 | D        | Found a burning altar of Makhleb.
    54 | D        | Found a blossoming altar of Fedhas.
    54 | D        | Found a white marble altar of Elyvilon.
    54 | D        | Found a shadowy altar of Dithmenos.
    54 | D        | Found a snail-covered altar of Cheibriados.
    56 | D        | Found a radiant altar of Vehumet.
    56 | D        | Found a corrupted altar of Lugonu.
    57 | D        | Found a hide-covered altar of Uskayaw.
    57 | D        | Found an ancient bone altar of Kikubaaqudgha.
    57 | D        | Found a broken altar of Ashenzari.
    62 | D        | Became a worshipper of Warmaster Okawaru
    82 | D        | Reached skill level 5 in Polearms
    82 | D        | Reached skill level 1 in Armour
    95 | D        | Reached XP level 2. HP: 19/24 MP: 2/2
   157 | D        | Reached skill level 5 in Dodging
   177 | D        | Reached skill level 6 in Polearms
   177 | D        | Reached XP level 3. HP: 9/31 MP: 3/3
   182 | D        | Reached skill level 7 in Polearms
   182 | D        | Reached XP level 4. HP: 27/38 MP: 4/4
   192 | D        | Reached skill level 5 in Fighting
   193 | D        | Reached * piety under Okawaru
   203 | D        | HP: 1/39 [gnoll (3)]
   656 | D        | Noticed a centaur
   664 | D        | Reached skill level 8 in Polearms
   664 | D        | Reached XP level 5. HP: 31/44 MP: 2/5
   668 | D        | Killed a centaur
   669 | D        | Reached skill level 9 in Polearms
   674 | D        | Reached XP level 6. HP: 30/53 MP: 2/8
   831 | D        | Noticed a bog body
   833 | D        | HP: 1/53 [bog body (27)]
   840 | D        | Killed a bog body
   840 | D        | Reached ** piety under Okawaru
   841 | D        | Reached skill level 11 in Polearms
   841 | D        | Reached skill level 5 in Armour
   841 | D        | Reached skill level 10 in Dodging
   841 | D        | Reached XP level 7. HP: 35/63 MP: 8/11
  1063 | D        | Noticed an elephant
  1095 | D        | Killed an elephant
  1096 | D        | Reached skill level 12 in Polearms
  1096 | D        | Reached XP level 8. HP: 36/71 MP: 9/13
  1264 | D        | Found the +7 lajatang of Order {silver, rMut}
  1675 | D        | Noticed a wraith
  1675 | D        | Noticed a gargoyle
  1685 | D        | Killed a gargoyle
  1686 | D        | Reached skill level 10 in Fighting
  1686 | D        | Reached skill level 13 in Polearms
  1688 | D        | Killed a wraith
  1688 | D        | Reached *** piety under Okawaru
  1689 | D        | Reached XP level 9. HP: 79/79 MP: 14/14
  1754 | D        | Noticed a gargoyle
  1765 | D        | Killed a gargoyle
  1766 | D        | Reached skill level 14 in Polearms
  1908 | D        | Noticed a smoke demon
  1909 | D        | Noticed a phantasmal warrior
  1923 | D        | Killed a phantasmal warrior
  1923 | D        | Reached **** piety under Okawaru
  1924 | D        | Reached skill level 15 in Polearms
  1928 | D        | Killed a smoke demon
  2097 | D        | Received a gift from Okawaru
  2104 | D        | Reached XP level 10. HP: 60/89 MP: 13/15
  2121 | D        | Reached skill level 16 in Polearms
  2439 | D        | Noticed a molten gargoyle
  2448 | D        | Killed a molten gargoyle
  2449 | D        | Reached skill level 15 in Dodging
  2558 | D        | Noticed a gargoyle
  2565 | D        | Killed a gargoyle
  2608 | D        | Noticed an orc sorcerer
  2608 | D        | Noticed an emperor scorpion
  2629 | D        | Killed an emperor scorpion
  2629 | D        | Reached ***** piety under Okawaru
  2630 | D        | Reached skill level 17 in Polearms
  2635 | D        | Killed an orc sorcerer
  2664 | D        | Reached XP level 11. HP: 99/99 MP: 13/16
  2666 | D        | Reached skill level 18 in Polearms
  2690 | D        | Reached skill level 10 in Armour
  2720 | D        | Reached ****** piety under Okawaru
  2960 | D        | Received a gift from Okawaru
  2962 | D        | Noticed a death yak
  2981 | D        | Killed a death yak
  2993 | D        | Reached skill level 19 in Polearms
  3104 | D        | Reached skill level 15 in Fighting
  3487 | D        | Noticed a two-headed ogre
  3491 | D        | Noticed a two-headed ogre
  3493 | D        | Noticed an ogre mage
  3555 | D        | Killed a two-headed ogre
  3555 | D        | Received a gift from Okawaru
  3567 | D        | Killed a two-headed ogre
  3568 | D        | Reached skill level 20 in Polearms
  3838 | D        | Noticed a two-headed ogre
  3848 | D        | Killed a two-headed ogre
  3857 | D        | Noticed a two-headed ogre
  3864 | D        | Killed a two-headed ogre
  3870 | D        | Reached XP level 12. HP: 98/111 MP: 9/17
  3878 | D        | Killed an ogre mage
  3928 | D        | Noticed an alligator snapping turtle
  3940 | D        | Killed an alligator snapping turtle
  3960 | D        | Noticed Erica
  3961 | D        | Noticed a two-headed ogre
  3976 | D        | Killed Erica
  3977 | D        | Reached skill level 21 in Polearms
  3979 | D        | Killed a two-headed ogre
  4425 | D        | Noticed a rakshasa
  4425 | D        | Noticed an alligator
  4439 | D        | Killed an alligator
  4453 | D        | Killed a rakshasa
  4479 | D        | Got the +2 scale mail of Reyj Noi {Str+2 Int+4}
  4582 | D        | Got the +7 flail "Luqodull" {venom, Fragile rElec rPois
                  | rF++ rC+}
  4635 | D        | Noticed a minotaur
  4637 | D        | Paralysed by a floating eye for 3 turns
  4637 | D        | Noticed a five-headed hydra
  4644 | D        | Paralysed by a floating eye for 4 turns
  4970 | D        | Reached skill level 22 in Polearms
  5214 | D        | Killed a one-headed hydra
  5561 | D        | Killed a minotaur
  5938 | D        | Identified the ring "Jekheu" {rC+ Will+ Dex+3}
  5943 | D        | Received a gift from Okawaru
  5944 | D        | Noticed a merfolk javelineer
  5966 | D        | Killed a merfolk javelineer
  5967 | D        | Reached XP level 13. HP: 67/122 MP: 5/18
  5968 | D        | Reached skill level 23 in Polearms
  5980 | D        | Noticed a dire elephant
  5994 | D        | Killed a dire elephant
  6442 | D        | Reached skill level 1 in Evocations
  6463 | D        | Noticed an orc warlord
  6464 | D        | Noticed an orc warlord
  6549 | D        | Killed an orc warlord
  6785 | D        | Noticed a naga warrior
  6796 | D        | Killed a naga warrior
  7298 | D        | Noticed a vault guard
  7310 | D        | Killed a vault guard
  7447 | D        | Noticed a rakshasa
  7476 | D        | Killed a rakshasa
  7482 | D        | Slain by an orc knight

Illustrated notes

Levels and vault maps discovered:
D:        pitsprint [storerooms_1, entrance_room_1, metal_vault_8, armoury_1,
          mini_pit_1, grid_room_1, main_hall_1, silver_pit, the_coven_1,
          the_vestibule_1, steel_vault_3, golden_pit, hallway_of_sentries,
          crystal_vault_1, iron_vault_1, final_vault]

Skill      XL: |  1  2  3  4  5  6  7  8  9 10 11 12 13 |
---------------+----------------------------------------+-----
Polearms       | 5 6 7 8 9 11 12 13 15 17 20 22 23 | 23.2
Armour         | 1 2 3 4 5 6 7 8 9 11 12 13 | 13.6
Fighting       | 3 4 5 6 8 9 10 12 13 15 18 19 | 19.0
Dodging        | 6 7 8 10 11 12 14 16 18 21 22 | 22.3
Invocations    | 3 6 7 9 |  9.6
Evocations     | 4 |  4.9
Throwing       | |  2.0

Action                   |  1- 3 |  4- 6 |  7- 9 | 10-12 | 13-15 || total
-------------------------+-------+-------+-------+-------+-------++-------
Melee: Trident           |    34 |    41 |    29 |       |       ||   104
       Spear             |       |       |    17 |       |       ||    17
       Halberd           |       |       |    68 |   174 |       ||   242
       Punch             |       |       |     1 |       |       ||     1
       Glaive            |       |       |       |   257 |   120 ||   377
       Scimitar          |       |       |       |     5 |       ||     5
Throw: Throwing net      |       |     2 |       |       |       ||     2
Invok: Heroism           |       |     1 |     2 |     7 |       ||    10
       Finesse           |       |       |       |     4 |       ||     4
  Use: Potion            |     1 |     3 |     3 |    13 |     1 ||    21
       Scroll            |       |       |       |     2 |       ||     2
 Stab: Invisible         |       |       |       |       |     7 ||     7
Armor: Leather armour    |     4 |     3 |       |       |       ||     7
       Plate armour      |       |     8 |    46 |   126 |       ||   180
       Scale mail        |       |       |       |    18 |     6 ||    24
Dodge: Dodged            |    23 |    17 |    56 |   303 |    38 ||   437

Table legend: (Time is in decaauts)
 A = Elapsed time spent in this place.
 B = Non-inter-level travel time spent in this place.
 C = Inter-level travel time spent in this place.
 D = Time resting spent in this place.
 E = Time spent auto-exploring this place.
 F = Levels seen in this place.
 G = Mean time per level.
                   A        B        C        D        E       F      G
               +--------+--------+--------+--------+--------+-----+--------+
         Total |   7268 |   7210 |     58 |   4629 |      0 |   1 | 7268.0 |
       Dungeon |   7268 |   7210 |     58 |   4629 |      0 |   1 | 7268.0 |
               +--------+--------+--------+--------+--------+-----+--------+

Top non-repeatable levels by time:
       D: 7268 daAuts
